 Dungeon Crawl Stone Soup version 0.17-a0-854-g4a4ba72 (webtiles) character file.

184 sugabear the Skirmisher (level 5, -10/34 HPs)
             Began as a Gargoyle Fighter on Apr 28, 2015.
             Killed by divine providence
             ... invoked by an orc priest
              (12 damage)
             ... on level 4 of the Dungeon.
             The game lasted 00:03:16 (1969 turns).

sugabear the Skirmisher (Gargoyle Fighter)          Turns: 1969, Time: 00:03:16

Health: -10/34     AC: 11    Str: 20    XL:     5   Next: 63%
Magic:  5/5        EV:  8    Int:  9    God:
Gold:   146        SH:  9    Dex:  9    Spells: 0 memorised, 4 levels left

rFire  . . .     SeeInvis .     a - +0 war axe
rCold  . . .     Clarity  .     b - +0 scale mail
rNeg   + . .     SustAb   .     c - +0 shield
rPois  ∞         Gourm    .     (no helmet)
rElec  +         Spirit   .     (no cloak)
rCorr  .         Warding  .     (no gloves)
rMut   .         Stasis   .     (no boots)
MR     .....                    (no amulet)
Stlth  ..........               (no ring)
                                (no ring)

@: not resistant to hostile enchantments, extremely unstealthy
A: negative energy resistance 1, electricity resistance, unbreathing,
petrification resistance, rot immunity, AC +4
a: no special abilities


You were on level 4 of the Dungeon.
You were very hungry.

You visited 1 branch of the dungeon, and saw 4 of its levels.

You collected 146 gold pieces.

Inventory:

Hand weapons
 a - a +0 war axe (weapon)
 q - a cursed -2 whip
Missiles
 l - 26 sling bullets
 y - 6 silver sling bullets
Armour
 b - a +0 scale mail (worn)
 c - a +0 shield (worn)
 r - a +2 animal skin
 s - a +0 helmet
 u - a +0 plate armour
Jewellery
 x - an uncursed amulet of stasis {unknown}
Scrolls
 f - 2 scrolls of remove curse {unknown}
 h - 2 scrolls of identify {unknown}
 k - a scroll of enchant armour {unknown}
 n - a scroll of teleportation {unknown}
 o - a scroll of fear {unknown}
 t - a scroll of enchant weapon {unknown}
 w - a scroll of immolation {unknown}
Potions
 d - 2 potions of might
 g - a potion of cancellation {unknown}
 j - 2 potions of agility {unknown}
 m - a potion of beneficial mutation {unknown}
 p - a potion of heal wounds {unknown}
 v - a potion of magic {unknown}
 A - a potion of mutation {unknown}
Comestibles
 e - 2 bread rations
 i - a meat ration


   Skills:
 + Level 4.4 Fighting
 + Level 2.5 Axes
 + Level 4.0 Armour
 + Level 1.7 Dodging
 + Level 4.2 Shields


You had 4 spell levels left.
You didn't know any spells.

Dungeon Overview and Level Annotations

Branches:
Dungeon (4/15)
 Temple: D:4-7

Altars:
Ashenzari
Zin
The Shining One


Innate Abilities, Weirdness & Mutations

You are resistant to torment.
Your stone body is resilient (AC +4).
You are immune to poison.
You resist negative energy.
You are resistant to electric shocks.
You can survive without breathing.
You are immune to petrification.
You are immune to rotting.


Message History

The orc priest is lightly wounded.
The orc priest hits you but does no damage.
You hit the orc priest.
The orc priest is lightly wounded.
The orc priest barely misses you. The orc priest hits you.
You hit the orc priest but do no damage.
The orc priest is lightly wounded.
The orc priest hits you but does no damage.
You closely miss the orc priest.
The orc priest is lightly wounded.
The orc priest calls down the wrath of Beogh upon you.
Something smites you!
The orc priest mumbles some strange prayers to Beogh against you.
Something smites you!
* * * LOW HITPOINT WARNING * * *
You barely miss the orc priest.
The orc priest is lightly wounded.
The orc priest invokes the aid of Beogh against you.
Something smites you!
You die...

#.#.....# #.###
#.#.....# #....
#.#.....# #####
#.#....(#
#......## ..
###
######.###.....
#<. #.........
#.#
####(###.....
#.#
#.o@.........
#.#
#.##.#..#.##
#.# # #....#
#.# #....). #..
##...##. ###
#.... ..# ##


You could see an orc priest.

Vanquished Creatures
  An orc priest (D:4)
  Robin (D:2)
  A gnoll (D:1)
  6 adders
  An ooze (D:1)
  3 giant geckos
  3 orcs
  2 ball pythons
  A bat skeleton (D:4)
  5 giant cockroaches
  12 goblins
  8 hobgoblins
  A jackal (D:2)
  6 kobolds
  A quokka (D:2)
  11 bats
  4 giant newts
  2 rats
69 creatures vanquished.

Notes
Turn   | Place    | Note
--------------------------------------------------------------
     0 | D:1      | sugabear, the Gargoyle Fighter, began the quest for the Orb.
     0 | D:1      | Reached XP level 1. HP: 14/14 MP: 1/1
    24 | D:1      | Reached XP level 2. HP: 16/19 MP: 2/2
   288 | D:1      | Reached skill level 4 in Fighting
   288 | D:1      | Reached XP level 3. HP: 20/24 MP: 3/3
   468 | D:2      | Found a glowing golden altar of the Shining One.
   605 | D:2      | Reached XP level 4. HP: 22/29 MP: 4/4
   845 | D:2      | Found a shattered altar of Ashenzari.
   912 | D:2      | Noticed Robin
   917 | D:2      | Reached skill level 1 in Dodging
   954 | D:2      | Killed Robin
  1173 | D:3      | Found a glowing silver altar of Zin.
  1225 | D:3      | Reached XP level 5. HP: 34/34 MP: 5/5
  1969 | D:4      | Killed from afar by an orc priest

Action                   |  1- 3 |  4- 6 || total
-------------------------+-------+-------++-------
Melee: War axe           |    99 |   150 ||   249
  Eat: Chunk             |       |     3 ||     3
